 Dungeon Crawl Stone Soup version 0.25.1-8-g42b30a86e7 (webtiles) character file.

Game seed: 11184201845820038018

299 Destapler the Ruffian (level 6, -12/61 HPs)
             Began as a Troll Monk on Dec 20, 2020.
             Was a Priest of the Shining One.
             Mangled by a mummy (14 damage)
             ... in an ossuary.
             The game lasted 00:15:18 (2488 turns).

Destapler the Ruffian (Troll Monk)                  Turns: 2488, Time: 00:15:19

Health: -12/61     AC:  9    Str: 20    XL:     6   Next: 13%
Magic:  5/5        EV: 11    Int:  6    God:    the Shining One [***...]
Gold:   129        SH:  0    Dex: 14    Spells: 4/5 levels left

rFire    . . .     SeeInvis .     - Unarmed
rCold    . . .     Gourm    +   (no shield)
rNeg     + . .     Faith    .   a - +0 robe
rPois    +         Spirit   .   (helmet restricted)
rElec    .         Reflect  .   y - +2 cloak
rCorr    .         Harm     .   (gloves unavailable)
MR       .....     Rnd*Tele +   (boots unavailable)
Stlth    +.........             (no amulet)
HPRegen  0.60/turn              e - ring of poison resistance
MPRegen  0.09/turn              l - ring of teleportation (curse)

@: marked, very slightly contaminated, glowing, invisible (but backlit and
visible)
A: large, unfitting armour, claws 3, fast metabolism 3, gourmand, regeneration
1, shaggy fur 1, tough skin 3
a: Divine Shield, Renounce Religion


You were in an ossuary.
You worshipped the Shining One.
The Shining One was most pleased with you.
You were not hungry.

You visited 2 branches of the dungeon, and saw 5 of its levels.
You also visited: Ossuary.

You collected 129 gold pieces.

Inventory:

Hand Weapons
 v - a +1 whip
Missiles
 s - a throwing net (quivered)
 t - 19 poisoned darts
Armour
 a - a +0 robe (worn)
 y - a +2 cloak (worn)
Jewellery
 e - a ring of poison resistance (left claw)
 l - a cursed ring of teleportation (right claw)
 C - an uncursed ring of resist corrosion
Wands
 z - a wand of paralysis (6)
Scrolls
 i - a scroll of random uselessness
 k - a scroll of blinking {unknown}
 m - a scroll of teleportation
 o - a scroll of fear
 r - a scroll of enchant armour
 u - a scroll of fog
Potions
 c - 2 potions of brilliance
 f - a potion of stabbing {unknown}
 g - a potion of lignification {unknown}
 h - 2 potions of haste
 n - 3 potions of heal wounds
 p - a potion of flight {unknown}
 q - a potion of ambrosia {unknown}
 w - a potion of berserk rage {unknown}
 x - a potion of magic {unknown}
 A - 2 potions of curing
 B - a potion of cancellation {unknown}
Comestibles
 b - 2 rations


   Skills:
 + Level 3.2 Fighting
 + Level 0.8 Maces & Flails
 + Level 2.0 Throwing
 + Level 1.8 Armour
 - Level 3.0 Dodging
 - Level 1.0 Stealth
 + Level 3.8 Unarmed Combat
 + Level 0.3 Spellcasting
 + Level 0.7 Necromancy
 + Level 1.0 Evocations


You had 4 spell levels left.
You knew the following spells:

 Your Spells              Type           Power        Failure   Level  Hunger
a - Animate Skeleton      Necr           N/A          36%         1    ##.....

Your spell library contained the following spells:

 Spells                   Type           Power        Failure   Level  Hunger
 Apportation              Tloc           #.....       43%         1    ##.....
 Corona                   Hex            #......      43%         1    ##.....
 Summon Small Mammal      Summ           #...         43%         1    ##.....


Dungeon Overview and Level Annotations

Branches:
Dungeon (4/15)             Temple (1/1) D:4         Ossuary (1/1)

Altars:
Ashenzari
Cheibriados
Dithmenos
Gozag
Makhleb
Nemelex Xobeh
Qazlal
Sif Muna
Trog
Vehumet
Xom
Yredelemnul
Zin
The Shining One

Annotations:
D:4 Robin


Innate Abilities, Weirdness & Mutations

You are too large for most types of armour.
You have claws for hands.
Your metabolism is lightning-fast.
You like to eat raw meat.
Your natural rate of healing is unusually fast.
You are covered in fur. (AC +1)
You have extremely tough skin. (AC +3)


Message History

The big kobold zombie hits you but does no damage.
You scratch the big kobold zombie.
You destroy the big kobold zombie!
The Shining One accepts your kill.
You feel better.
Your Evocations skill increases to level 1!
The centaur zombie hits you but does no damage.
You claw the big kobold zombie!
The big kobold zombie is moderately damaged.
The centaur zombie hits you but does no damage.
The mummy barely misses you. The mummy hits you!
* * * LOW HITPOINT WARNING * * *
The centaur zombie hits you but does no damage.
You scratch the big kobold zombie.
The big kobold zombie is heavily damaged.
The big kobold zombie barely misses you.
The centaur zombie hits you!
* * * LOW HITPOINT WARNING * * *
The mummy hits you!
You die...

##.^...##
#....^..#
##....^##
#.......#
##.....##
#...^...#
##.....##
##MZ^^^##
#@Z....?#
#MZ.....#
#.......#
#.......#
##.....##
##...##
##∩## ###


You could see 2 mummies, 2 big kobold zombies and a centaur zombie.

Vanquished Creatures
  2 centaur zombies (Ossuary)
  A worker ant (D:3)
  A big kobold zombie (Ossuary)
  3 mummies (Ossuary)
  7 adders
  2 worms (D:3)
  2 dart slugs (D:1)
  5 leopard geckos
  2 giant cockroaches
  14 goblins
  8 hobgoblins
  7 jackals
  14 bats
  5 frilled lizards
  2 hobgoblin zombies (Ossuary)
  8 kobolds
  3 rats
86 creatures vanquished.

Notes
Turn   | Place    | Note
-------+----------+-------------------------------------------
     0 | D:1      | Destapler the Troll Monk began the quest for the Orb.
     0 | D:1      | Reached XP level 1. HP: 22/22 MP: 0/0
     6 | D:1      | You fall into a shaft and drop 1 floor!
   112 | D:1      | Reached XP level 2. HP: 29/29 MP: 1/1
   395 | D:1      | Reached XP level 3. HP: 33/36 MP: 2/2
   736 | D:2      | Reached skill level 1 in Throwing
   755 | D:2      | Reached skill level 1 in Armour
  1095 | D:2      | Reached XP level 4. HP: 37/44 MP: 3/3
  1344 | D:3      | Found a sparkling altar of Nemelex Xobeh.
  1649 | D:3      | Reached XP level 5. HP: 53/53 MP: 4/4
  1692 | D:3      | Found a sparkling altar of Nemelex Xobeh.
  1778 | D:3      | Learned a level 1 spell: Animate Skeleton
  2219 | D:4      | Found a staircase to the Ecumenical Temple.
  2228 | Temple   | Entered the Ecumenical Temple
  2279 | Temple   | Became a worshipper of the Shining One
  2279 | Temple   | Reached * piety under the Shining One
  2279 | Temple   | Reached ** piety under the Shining One
  2306 | D:4      | Noticed Robin
  2349 | D:4      | Found a sand-covered staircase.
  2354 | Ossuary  | Entered an ossuary
  2464 | Ossuary  | Reached XP level 6. HP: 60/61 MP: 5/5
  2486 | Ossuary  | Reached *** piety under the Shining One
  2486 | Ossuary  | Reached skill level 1 in Evocations
  2488 | Ossuary  | HP: 2/61 [centaur zombie (7)]
  2488 | Ossuary  | Mangled by a mummy

Illustrated notes

Levels and vault maps discovered:
D:1:      saegor_arrival_simple_b, layout_loops_ring
D:2:      minmay_wonky_spiral, layout_rooms, grunt_decor_fettered,
          minmay_pentomino_r4
D:3:      layout_loops_ring, overflow_temple_1_default,
          chequers_serial_rivers_small_b, corexii_hall_statues_u,
          kennysheep_minor_cross, nemelex_diamond_rough_becter
D:4:      layout_rooms, minmay_temple_entry_ruins, enter_ossuary_2, uniq_robin
Temple:   cyrus_circular_temple
Ossuary:  ossuary_the_hunt_dpeg

Skill      XL: |  1  2  3  4  5  6 |
---------------+-------------------+-----
Throwing       | 1 2 |  2.0
Armour         | 1 |  1.8
Fighting       | 3 |  3.2
Dodging        | 3 |  3.0
Evocations     | 1 |  1.0
Maces & Flails | |  0.8
Stealth        | |  1.0
Unarmed Combat | |  3.8
Spellcasting   | |  0.3
Necromancy     | |  0.7

Action                   |  1- 3 |  4- 6 || total
-------------------------+-------+-------++-------
Melee: Unarmed           |   128 |   152 ||   280
  Use: Scroll            |       |    12 ||    12
       Potion            |       |     3 ||     3
 Stab: Sleeping          |     1 |     1 ||     2
  Eat: Chunk             |    16 |     8 ||    24
Armor: Robe              |    60 |   103 ||   163
Dodge: Dodged            |    99 |   164 ||   263
